 Dungeon Crawl Stone Soup version 0.31-a0-210-gccc998df9b (webtiles) character file.

Game seed: 8518339404558454786

324 qw the Chopper (level 6, -4/38 HPs)
             Began as a Gargoyle Fighter on June 29, 2023.
             Slain by an orc
             ... wielding a +0 hand axe
              (5 damage)
             ... on level 4 of the Dungeon.
             The game lasted 00:01:15 (2357 turns).

qw the Chopper (Gargoyle Fighter)                   Turns: 2357, Time: 00:01:15

Health: -4/38      AC: 13    Str: 21    XL:     6   Next: 48%
Magic:  6/6        EV:  9    Int:  9    God:
Gold:   180        SH:  4    Dex:  9    Spells: 5/5 levels left

rFire   + + .        Y - +0 war axe
rCold   + + .        c - +0 buckler
rNeg    + . .        b - +0 scale mail
rPois   inf          e - +0 helmet
rElec   +            n - scarf {rC+ rF+}
rCorr   .            (no gloves)
SInv    .            q - +0 pair of boots
Will    .....        (no amulet) Stlth
                     a - ring of protection from fire
HPRegen 0.26/turn    p - ring of protection from cold
MPRegen 0.10/turn

%: no passive effects
@: no status effects
A: sickness immunity, AC +4, negative energy resistance 1, electricity
resistance, torment resistance 1, petrification resistance
a: no special abilities


You were on level 4 of the Dungeon.
You visited 1 branch of the dungeon, and saw 4 of its levels.

You collected 180 gold pieces.


Innate Abilities, Weirdness & Mutations

You are immune to sickness and miasma.
Your stone body is resilient. (AC +4)
You are immune to poison.
You resist negative energy. (rN+)
You are resistant to electric shocks. (rElec)
You are resistant to unholy torment.
You are immune to petrification.


   Skills:
 - Level 4.1 Fighting
 + Level 5.0 Axes
 - Level 1.1 Throwing
 - Level 3.2 Armour
 - Level 1.6 Dodging
 - Level 3.2 Shields


You had 5 spell levels left.
You didn't know any spells.
Your spell library was empty.

Inventory:

Hand Weapons
 r - a +0 flail
 Y - a +0 war axe (weapon)
Armour
 b - a +0 scale mail (worn)
 c - a +0 buckler (worn)
 e - a +0 helmet (worn)
 n - a scarf of resistance (worn)
 q - a +0 pair of boots (worn)
Jewellery
 a - a ring of protection from fire (left hand)
 o - a ring of fire
 p - a ring of protection from cold (right hand)
Scrolls
 f - a scroll of identify
Potions
 d - 2 potions of might
 g - a potion of haste {unknown}
 h - a potion of lignification {unknown}
 i - a potion of curing {unknown}
 k - a potion of heal wounds {unknown}
 m - a potion of attraction {unknown}

Dungeon Overview and Level Annotations

Branches:
Dungeon (4/15)
 Temple: D:4-7

Altars:

Shops:
D:2 :

Annotations:
D:4 Eustachio


Message History

The phantom hits you.
The phantom blinks!
You blink.
The phantom hits you but does no damage.
Enter note: You miss the phantom.
The phantom is severely damaged.
The phantom hits you but does no damage.
You slash the phantom!
You destroy the phantom!
You hit the adder. The adder barely misses you. x2
Your Dodging skill increases to level 1!
You slash the adder!
The adder is severely wounded.
You slash the orc!
You kill the orc!
You block the adder's attack.
You closely miss the adder.
The adder is severely wounded.
You hit the hobgoblin but do no damage. The adder barely misses you.
The hobgoblin barely misses you. The adder bites you.
The hobgoblin hits you but does no damage.
You hit the adder.
The adder is almost dead.
You closely miss the hobgoblin. You hit the orc but do no damage.
You block the adder's attack.
The hobgoblin hits you but does no damage.
The adder bites you but does no damage.
You hit the adder.
You kill the adder!
You closely miss the hobgoblin. You closely miss the orc.
The hobgoblin hits you. The orc barely misses you.
You hit the hobgoblin.
The hobgoblin is heavily wounded.
You slash the orc!
You kill the orc!
You hit the orc.
The hobgoblin hits you but does no damage.
The orc hits you with a +0 hand axe.
You die...

.. ...# ####
#.# ...##..##
.. #.......##
#.# ##........#
..
#.........##.#
##.........g..#
#..........)@#
#..........o.#
#............#
##...........#
#...........#
#####.........
#.)#####.###
#### ###


You could see an orc and a hobgoblin.

Vanquished Creatures
  An ice beast (D:3)
  A phantom (D:4)
  An iguana (D:4)
  Natasha (D:4)
  3 gnolls (D:3)
  3 adders
  A worm (D:2)
  3 orcs (D:4)
  4 ball pythons
  3 endoplasms
  7 goblins
  6 hobgoblins
  6 kobolds
  5 quokkas
  4 bats
  A frilled lizard (D:2)
  3 rats (D:1)
53 creatures vanquished.

Notes
Turn   | Place    | Note
-------+----------+-------------------------------------------
     0 | D:1      | qw the Gargoyle Fighter began the quest for the Orb.
     0 | D:1      | Reached XP level 1. HP: 14/14 MP: 1/1
     0 | D:1      | 0 ||| qw: Version: 0.3-a-24-ga2abf7b
     0 | D:1      | 0 ||| qw: Game counter: 7009
     0 | D:1      | 0 ||| qw: Melee chars always use a shield: true
     0 | D:1      | 0 ||| qw: God list: Okawaru
     0 | D:1      | 0 ||| qw: Allow faded altars: false
     0 | D:1      | 0 ||| qw: Do Orc after clearing Dungeon:15 true
     0 | D:1      | 0 ||| qw: Do second Lair branch before Depths: true
     0 | D:1      | 0 ||| qw: Lair rune preference: random
     0 | D:1      | 0 ||| qw: Goals: Normal, Zot:1-4, Slime:5, God:TSO, Crypt,
                  | Tomb, Abyss, Pan, Hells, Win
     0 | D:1      | 0 ||| PLANNING D:1-11
    44 | D:1      | Reached skill level 2 in Axes
   143 | D:1      | Reached XP level 2. HP: 19/19 MP: 2/2
   203 | D:1      | You fall into a shaft and drop 1 floor!
   265 | D:2      | 265 ||| DROPPING +0 club.
   289 | D:2      | Found Wyvaem's Book Shoppe.
   317 | D:2      | Reached skill level 3 in Axes
   317 | D:2      | 317 ||| READING scroll labelled RUIHEV BEARIAG.
   318 | D:2      | 318 ||| READING scroll labelled EJAPRI ABADAW.
   354 | D:1      | Reached XP level 3. HP: 23/23 MP: 3/3
   499 | D:1      | 499 ||| Stepping ~*~*~tactically~*~*~ (stealth).
   776 | D:1      | 776 ||| UPGRADING to scarf of resistance.
   781 | D:1      | 781 ||| READING scroll labelled BOABRE OMIOHAMAFFI.
   782 | D:1      | 782 ||| READING scroll labelled RUCUFR DUESM.
   783 | D:1      | 783 ||| READING scroll labelled KORYANN FEPHORCH.
   884 | D:1      | 884 ||| READING scroll labelled ESALEE QUCE.
   885 | D:1      | 885 ||| DRINKING 2 fizzy purple potions.
   886 | D:1      | 886 ||| DROPPING potion of brilliance.
  1446 | D:2      | 1446 ||| UPGRADING to +0 helmet.
  1451 | D:2      | 1451 ||| UPGRADING to +0 pair of boots.
  1456 | D:2      | 1456 ||| UPGRADING to ring of protection from fire.
  1457 | D:2      | 1457 ||| UPGRADING to ring of protection from cold.
  1458 | D:2      | 1458 ||| READING scroll labelled BEOSED ONYUCA.
  1462 | D:2      | 1462 ||| DRINKING 2 fuming white potions.
  1463 | D:2      | 1463 ||| DROPPING potion of invisibility.
  1555 | D:3      | Reached XP level 4. HP: 28/28 MP: 4/4
  1646 | D:3      | 1646 ||| Stepping ~*~*~tactically~*~*~ (stealth).
  1648 | D:3      | 1648 ||| Stepping ~*~*~tactically~*~*~ (stealth).
  1670 | D:3      | 1670 ||| Stepping ~*~*~tactically~*~*~ (stealth).
  1672 | D:3      | 1672 ||| Stepping ~*~*~tactically~*~*~ (stealth).
  1673 | D:3      | 1673 ||| Stepping ~*~*~tactically~*~*~ (stealth).
  1674 | D:3      | 1674 ||| Stepping ~*~*~tactically~*~*~ (stealth).
  1675 | D:3      | 1675 ||| Stepping ~*~*~tactically~*~*~ (stealth).
  1695 | D:3      | Noticed an ice beast
  1696 | D:3      | 1696 ||| Stepping ~*~*~tactically~*~*~ (stealth).
  1714 | D:3      | Killed an ice beast
  1715 | D:3      | Reached skill level 4 in Axes
  1715 | D:3      | Reached XP level 5. HP: 32/32 MP: 5/5
  1787 | D:3      | 1787 ||| Stepping ~*~*~tactically~*~*~ (stealth).
  1788 | D:3      | 1788 ||| Stepping ~*~*~tactically~*~*~ (stealth).
  1791 | D:3      | Reached skill level 5 in Axes
  1791 | D:3      | 1791 ||| Stepping ~*~*~tactically~*~*~ (hiding).
  1912 | D:3      | 1912 ||| DROPPING +2 mace of protection.
  2038 | D:3      | Found a faded altar of an unknown god.
  2056 | D:3      | 2056 ||| READING 2 scrolls labelled TAH AGUT ASS.
  2081 | D:4      | Noticed Natasha
  2089 | D:4      | Killed Natasha
  2153 | D:4      | Reached skill level 1 in Throwing
  2153 | D:4      | Reached XP level 6. HP: 13/38 MP: 6/6
  2310 | D:4      | Noticed Eustachio
  2329 | D:4      | HP: 5/38 [river rat[Eustachio] (5)]
  2330 | D:4      | 2330 ||| READING scroll of teleportation.
  2331 | D:4      | HP: 2/38 [ufetubus[Eustachio] (3)]
  2333 | D:4      | 2333 ||| Stepping ~*~*~tactically~*~*~ (stealth).
  2341 | D:4      | HP: 3/38 [orc/+0 hand axe (2)]
  2347 | D:4      | HP: 4/38 [phantom (1)]
  2353 | D:4      | Reached skill level 1 in Dodging
  2354 | D:4      | HP: 3/38 [adder (1)]
  2356 | D:4      | HP: 1/38 [hobgoblin (3)]
  2357 | D:4      | Slain by an orc

Levels and vault maps discovered:
D:1:      heliophobic_arrival_henge, layout_loops_ring, minmay_misc_feat_doors,
          minmay_split_cup_large
D:2:      layout_loops_ring, serial_shops, shop, grunt_ministairs_11
D:3:      layout_loops_ring, shapermc_ecumenical_altar_mp_highgroup,
          dk_noncrumbling_3
D:4:      layout_cave_pods, temple_garden, due_unseen_surprise, uniq_eustachio,
          uniq_natasha

Skill      XL: |  1  2  3  4  5  6 |
---------------+-------------------+-----
Axes           | 2 3 4 5 |  5.0
Fighting       | 4 |  4.1
Throwing       | 1 |  1.1
Dodging        | 1 |  1.6
Armour         | |  3.2
Shields        | |  3.2

Action                     |  1- 3 |  4- 6 || total
---------------------------+-------+-------++-------
  Melee: War axe           |   102 |    94 ||   196
  Throw: Boomerang         |    21 |       ||    21
         Javelin           |       |     7 ||     7
    Use: Scroll            |     7 |     2 ||     9
         Potion            |     2 |       ||     2
   Stab: Invisible         |     1 |       ||     1
 Armour: Scale mail        |    50 |    75 ||   125
  Dodge: Dodged            |    44 |    81 ||   125
  Block: Buckler           |    22 |    23 ||    45

Table legend:
 A = Non-vault XP
 B = Vault XP
 C = Vault XP percentage of total XP
 D = Non-vault monster count
 E = Vault monster count
 F = Vault count percentage of total count
                 A         B        C        D         E       F
            +---------+---------+-------+---------+---------+-------
      Total |     416 |      50 |  10.7 |      45 |       8 |  15.1
            +---------+---------+-------+---------+---------+-------
        D:1 |      23 |       8 |  25.8 |      14 |       5 |  26.3
        D:2 |      27 |       7 |  20.6 |      11 |       2 |  15.4
        D:3 |     199 |       0 |   0.0 |      13 |       0 |   0.0
        D:4 |     167 |      35 |  17.3 |       7 |       1 |  12.5
            +---------+---------+-------+---------+---------+-------
